 Dungeon Crawl Stone Soup version 0.29.1-15-g9cfb28693d (webtiles) character file.

Game seed: 12968619014122296437

191 croobank the Sneak (level 5, 0/37 HPs)
             Began as an Octopode Delver on Feb 25, 2023.
             Slain by Pikel
             ... wielding a +1 whip of freezing
              (4 damage)
             ... on level 4 of the Dungeon.
             The game lasted 00:09:40 (3503 turns).

croobank the Sneak (Octopode Delver)                Turns: 3503, Time: 00:09:41

Health: 0/37       AC:  1    Str: 17    XL:     5   Next: 70%
Magic:  6/6        EV: 14    Int: 14    God:
Gold:   190        SH:  0    Dex: 14    Spells: 2/5 levels left

rFire   . . .      SeeInvis .   a - +0 hand axe
rCold   . . .      Faith    .   (no shield)
rNeg    . . .      Spirit   .   (helmet restricted)
rPois   .          Reflect  .   (no amulet)
rElec   .          Harm     .   u - +6 ring of strength
rCorr   .          Rampage  .   (no ring)
Will    .....                   (no ring)
Stlth   +++++.....              (no ring)
HPRegen 0.12/turn               (no ring)
MPRegen 0.10/turn               (no ring)
                                (no ring)
                                (no ring)

@: mighty
A: almost no armour, amphibious, 8 rings, camouflage 1, gelatinous body 1,
(nimble swimmer 1), tentacles
a: no special abilities


You were on level 4 of the Dungeon.
You visited 1 branch of the dungeon, and saw 6 of its levels.

You collected 190 gold pieces.

Inventory:

Hand Weapons
 a - a +0 hand axe (weapon)
 b - a +0 sling
 g - a +0 short sword
 l - a +0 broad axe
Missiles
 k - 6 poisoned darts (quivered)
Jewellery
 s - a ring of ice
 u - a +6 ring of strength (left tentacle)
Wands
 f - a wand of digging (3)
 t - a wand of flame (10)
Scrolls
 c - 2 scrolls of magic mapping
 d - 2 scrolls of fear
 h - a scroll of fog
 j - a scroll of silence {unknown}
 n - a scroll of identify
 o - 2 scrolls of immolation {unknown}
 p - a scroll of noise {unknown}
 r - a scroll of enchant armour {unknown}
 v - 2 scrolls of teleportation {unknown}
 w - a scroll of butterflies {unknown}
Potions
 e - 2 potions of haste
 i - 2 potions of curing
 m - 2 potions of attraction
 q - a potion of mutation
 A - a potion of berserk rage {unknown}


   Skills:
 - Level 3.8 Fighting
 - Level 3.2 Axes
 - Level 3.0 Dodging
 - Level 7.4 Stealth
 * Level 0.7 Spellcasting
 * Level 0.8 Conjurations
 * Level 0.8 Air Magic
 * Level 1.0 Poison Magic


You had 2 spell levels left.
You knew the following spells:

 Your Spells              Type           Power      Damage    Failure   Level
a - Mephitic Cloud        Conj/Pois/Air  2%         N/A       50%         3

Your spell library contained the following spells:

 Spells                   Type           Power      Damage    Failure   Level
 Magic Dart               Conj           8%         1d3       19%         1
 Call Imp                 Summ           0%         N/A       38%         2
 Tukima's Dance           Hex            0%         N/A       63%         3
 Passage of Golubria      Tloc           0%         N/A       95%         4
 Yara's Violent Unravell  Hex/Tmut       0%         3d3       100%        5


Dungeon Overview and Level Annotations

Branches:
Dungeon (6/15)
 Temple: D:4-7

Altars:

Annotations:
D:2 exclusion: downstairs
D:3 Sigmund
D:4 Pikel
D:5 Menkaure


Innate Abilities, Weirdness & Mutations

You cannot wear most types of armour.
You are amphibious.
You can wear up to eight rings at the same time.
Your skin changes colour to match your surroundings (Stealth+).
Your rubbery body absorbs attacks. (AC +1, EV +1)
((You are camouflaged when in or above water. (Stealth+)))
You have tentacles for arms and can constrict up to eight enemies at once.


Message History

A goblin comes into view. It is wielding a +0 dagger.
Pikel hits you with a +1 whip of freezing!
Pikel freezes you.
The lemure shouts!
You hit Pikel. Your grab misses Pikel.
Pikel is lightly wounded.
Pikel hits you with a +1 whip of freezing.
Pikel freezes you.
You barely miss Pikel. Your grab misses Pikel.
Pikel is lightly wounded.
Pikel hits you with a +1 whip of freezing!
Pikel freezes you.
* * * LOW HITPOINT WARNING * * *
You feel much better.
Pikel hits you with a +1 whip of freezing.
Pikel freezes you.
You hit Pikel. You grab Pikel.
Pikel is lightly wounded.
You constrict Pikel, but do no damage. Pikel barely misses you.
You completely miss Pikel. You squeeze Pikel, but do no damage.
Pikel is lightly wounded.
You constrict Pikel.
Pikel hits you with a +1 whip of freezing!
Pikel freezes you.
You slash Pikel!
Pikel is heavily wounded.
You constrict Pikel, but do no damage. Pikel closely misses you.
You slash Pikel!
Pikel is severely wounded.
You constrict Pikel.
Pikel hits you with a +1 whip of freezing.
Pikel freezes you.
* * * LOW HITPOINT WARNING * * *
You hit Pikel.
Pikel is almost dead.
You constrict Pikel. Pikel closely misses you.
Pikel hits you with a +1 whip of freezing!
* * * LOW HITPOINT WARNING * * *
Pikel freezes you.
You die...

###### #.# #.# #.#
#.. #.# #.#
######.########g..
#.....>...@K555O..
#.#############5#.
#.# #.# #.# #.# #.#
#.# # #.# ### #.#(#
###.###.## ##.#.#
#........# #..†)#
#.....#.########..#


You could see Pikel, an ogre, 4 lemures and a goblin.

Vanquished Creatures
  Jessica (D:3)
  Terence (D:3)
  6 adders
  3 worms
  7 orcs
  5 endoplasms
  A giant cockroach (D:2)
  3 goblins
  6 hobgoblins
  3 jackals
  5 quokkas
  7 ball pythons
  9 bats
  5 frilled lizards
  3 kobolds
  8 rats
73 creatures vanquished.

Notes
Turn   | Place    | Note
-------+----------+-------------------------------------------
     0 | D:5      | croobank the Octopode Delver began the quest for the Orb.
     0 | D:5      | Reached XP level 1. HP: 16/16 MP: 1/1
    65 | D:6      | Noticed a phantom
   126 | D:5      | Noticed Menkaure
   147 | D:5      | Noticed an iguana
   167 | D:4      | Noticed a howler monkey
   182 | D:4      | Reached XP level 2. HP: 18/21 MP: 2/2
   291 | D:3      | Noticed Sigmund
   633 | D:1      | Reached XP level 3. HP: 26/26 MP: 3/3
   871 | D:1      | Reached skill level 7 in Stealth
   897 | D:1      | Found a faded altar of an unknown god.
  1552 | D:2      | Reached XP level 4. HP: 23/31 MP: 4/4
  2532 | D:3      | Noticed Terence
  2543 | D:3      | Killed Terence
  2544 | D:3      | Reached XP level 5. HP: 16/37 MP: 5/5
  2780 | D:3      | Learned a level 3 spell: Mephitic Cloud
  2944 | D:3      | Identified the +0 robe of the Armoured One {rC+}
  2976 | D:3      | Noticed Jessica
  2983 | D:3      | Killed Jessica
  3235 | D:4      | Reached skill level 1 in Poison Magic
  3364 | D:4      | Noticed a lemure
  3484 | D:4      | Noticed a lemure
  3485 | D:4      | Noticed Pikel
  3492 | D:4      | Noticed a lemure
  3492 | D:4      | Noticed a lemure
  3493 | D:4      | Noticed an ogre
  3503 | D:4      | Slain by Pikel

Illustrated notes

Levels and vault maps discovered:
D:1:      dpeg_arrival_tiny_a, layout_loops_cross,
          shapermc_ecumenical_altar_ellora
D:2:      layout_loops_cross, kennysheep_generic_room_7
D:3:      layout_loops_cross, grunt_decor_mini_mirrors, minmay_misc_feat_chi,
          uniq_sigmund, uniq_terence, uniq_jessica
D:4:      layout_loops_ring, uniq_pikel
D:5:      layout_cave_pools, hex_large, grunt_decor_clamped,
          uniq_crazy_yiuf_cottage, uniq_menkaure, uniq_ijyb
D:6:      layout_gridville, sigmund_army

Skill      XL: |  1  2  3  4  5 |
---------------+----------------+-----
Stealth        | 7 |  7.4
Axes           | 3 |  3.2
Dodging        | 3 |  3.0
Poison Magic   | 1 |  1.0
Fighting       | |  3.8
Spellcasting   | |  0.7
Conjurations   | |  0.8
Air Magic      | |  0.8

Action                   |  1- 3 |  4- 6 || total
-------------------------+-------+-------++-------
Melee: Hand axe          |    65 |    79 ||   144
       Tentacles         |     9 |    20 ||    29
       Constrict         |    13 |    16 ||    29
       Punch             |       |     2 ||     2
  Use: Scroll            |       |     5 ||     5
       Potion            |       |     2 ||     2
 Stab: Sleeping          |    14 |    11 ||    25
Armor: Skin              |     8 |     1 ||     9
Dodge: Dodged            |    45 |    36 ||    81
